Map: Reclamation LE

Players

DeaDStarSC - Winner!

  • Race: Zerg Zerg
  • League: Master
  • Spawn Location: 12:00

GDragon - Winner!

  • Race: Protoss Protoss
  • Spawn Location: 11:00

Watermeloann

  • Race: Terran Terran
  • League: Master
  • Spawn Location: 6:00

xetech

  • Race: Protoss Protoss
  • Spawn Location: 5:00

VOD

Have the link to the VOD?

Description

Time

  • Played on: June 15, 2025, 12:26 p.m.
  • Length: 10:34
Show
View Real Time Build Order
Export as new Build Order

DeaDStarSC Zerg - Winner!

Build Orders: Hatch First 

Get SALT Encoding   

  12  0:00  Drone  
  13  0:12  Overlord  
  13  0:19  Drone  
  14  0:30  Drone  
  14  0:31  Drone  
  16  0:37  Drone  
  17  0:54  Hatchery  
  16  0:58  Drone  
  16  1:00  Extractor  
  16  1:11  Spawning Pool  
  16  1:15  Drone  
  16  1:19  Drone  
  16  1:24  Drone  
  18  1:30  Drone  
  19  1:40  Overlord  
  19  1:54  Drone  
  19  1:59  Queen  
  19  2:00  Metabolic Boost  
  22  2:04  Drone  
  23  2:10  Queen  
  23  2:15  Drone  
  26  2:23  Drone x3  
  29  2:35  Drone x2  
  31  2:47  Drone x2  
  31  2:49  Hatchery  
  32  2:53  Drone  
  33  3:03  Overlord  
  33  3:04  Overlord x2  
  33  3:14  Drone x2  
  33  3:15  Zergling x2  
  36  3:22  Drone, Evolution Chamber  
  36  3:23  Drone x4  
  40  3:36  Drone x2  
  40  3:39  Extractor  
  41  3:41  Lair  
  41  3:51  Extractor  
  41  3:52  Zergling x2  
  41  3:53  Drone x2  
  41  3:54  Drone x3  
  41  3:55  Overlord  
  46  4:00  Zergling x4  
  47  4:10  Zerg Melee Weapons Level 1  
  47  4:17  Drone x7  
  48  4:19  Queen  
  56  4:26  Spore Crawler x2  
  54  4:31  Drone  
  54  4:33  Drone x2  
  54  4:35  Drone x3  
  60  4:45  Drone  
  60  4:46  Drone x6  
  60  4:50  Extractor x2  
  62  4:53  Zergling x4  
  62  4:54  Baneling Nest  
  62  4:57  Zergling x2  
  62  4:58  Zergling x2  
  65  5:04  Hydralisk Den, Zergling x2  
  65  5:07  Zergling x6  
  65  5:08  Zergling x4  
  65  5:14  Hatchery  
  69  5:16  Zergling x4  
  72  5:21  Zergling x2  
  72  5:23  Zergling x4  
  72  5:24  Overlord x2  
  74  5:36  Extractor  
  74  5:37  Centrifugal Hooks  
  74  5:38  Baneling x4  
  74  5:39  Baneling x3  
  74  5:40  Baneling x3  
  74  5:41  Baneling, Zergling x2  
  74  5:43  Hydralisk  
  74  5:44  Hydralisk x2  
  74  5:46  Zergling x2  
  81  5:51  Overseer  
  81  5:54  Muscular Augments  
  81  6:00  Drone  
  81  6:01  Overlord, Drone x4  
  83  6:23  Zergling x4, Hydralisk  
  83  6:24  Hydralisk x4  
  89  6:27  Zergling x4  
  89  6:28  Zergling x2  
  89  6:31  Zergling x8  
  96  6:36  Zergling x4  
  96  6:41  Zergling x2, Hydralisk  
  91  6:48  Hydralisk  
  91  6:49  Hydralisk  
  91  6:51  Spore Crawler  
  91  6:53  Drone  
  94  6:56  Drone  
  94  6:58  Overlord x3, Grooved Spines  
  94  6:59  Overlord  
  95  7:01  Baneling  
  95  7:02  Baneling x5  
  95  7:09  Zerg Missile Weapons Level 1  
  95  7:11  Evolution Chamber x2, Baneling x4  
  95  7:12  Drone  
  95  7:13  Drone  
  85  7:29  Baneling x2  
  81  7:30  Baneling x4  
  80  7:46  Hydralisk x7  
  80  7:47  Hydralisk x4  
  98  8:01  Hydralisk  
  98  8:02  Hydralisk x5  
  98  8:03  Hydralisk  
  108  8:12  Zerg Ground Armor Level 1  
  106  8:24  Hydralisk  
  106  8:25  Hydralisk x6  
  113  8:33  Drone  
  113  8:34  Drone  
  115  8:35  Drone  
  115  8:36  Drone x3  
  119  8:45  Overlord x3  
  119  9:03  Drone x3, Infestation Pit  
  119  9:05  Hatchery, Zergling x2  
  119  9:06  Zergling x10  
  119  9:09  Baneling x2  
  126  9:12  Baneling  
  126  9:14  Overlord, Zergling x8  
  130  9:25  Zergling x2  
  130  9:26  Zergling x18  
  130  9:30  Queen  
  142  9:43  Baneling x7  
  142  9:44  Baneling x14  
  142  9:52  Overlord  
  142  9:53  Overlord x2  
Show
View Real Time Build Order
Export as new Build Order

GDragon Protoss - Winner!

Build Orders: Blink Stalkers 

Get SALT Encoding   

  12  0:00  Probe  
  13  0:12  Probe  
  14  0:17  Pylon  
  14  0:23  Probe  
  15  0:31  Probe  
  16  0:37  Gateway  
  16  0:39  Probe  
  16  0:46  Assimilator  
  17  0:51  Probe  
  18  1:00  Probe  
  19  1:08  Probe  
  19  1:18  Probe  
  20  1:25  Cybernetics Core  
  21  1:40  Pylon  
  21  1:52  Assimilator  
  21  1:53  Adept  
  21  1:56  Nexus  
  21  2:00  Probe  
  22  2:02  Warp Gate  
  24  2:12  Probe  
  25  2:19  Twilight Council  
  25  2:24  Probe  
  25  2:28  Stalker  
  26  2:36  Probe  
  29  2:48  Probe  
  29  2:50  Blink  
  30  3:04  Stalker, Probe  
  31  3:08  Probe  
  34  3:16  Probe  
  34  3:25  Probe  
  33  3:30  Probe  
  33  3:33  Probe  
  33  3:38  Probe  
  33  3:39  Shield Battery  
  33  3:41  Probe  
  36  3:46  Probe  
  36  3:47  Pylon  
  38  3:54  Robotics Facility, Probe  
  38  3:56  Gateway  
  38  3:57  Stalker  
  38  3:58  Probe  
  41  4:06  Probe  
  42  4:10  Probe  
  42  4:12  Gateway  
  43  4:18  Probe  
  43  4:23  Probe  
  45  4:30  Probe  
  46  4:32  Gateway  
  46  4:33  Gateway  
  46  4:36  Gateway, Stalker  
  46  4:41  Observer  
  47  4:56  Nexus  
  47  4:58  Pylon  
  47  4:59  Stalker  
  49  5:03  Stalker  
  51  5:07  Charge  
  51  5:16  Pylon  
  51  5:23  Pylon  
  51  5:25  Stalker  
  53  5:29  Stalker x2  
  53  5:35  Probe  
  58  5:39  Probe  
  58  5:42  Forge  
  59  5:44  Gateway  
  59  5:46  Gateway  
  59  5:50  Sentry  
  59  5:51  Stalker  
  59  5:54  Stalker  
  65  6:01  Zealot  
  65  6:02  Zealot  
  67  6:20  Zealot x2  
  67  6:21  Zealot x2  
  73  6:32  Stalker  
  67  6:33  Zealot  
  67  6:36  Probe  
  58  6:40  Probe  
  58  6:42  Stalker x4  
  58  6:45  Zealot x2  
  71  6:48  Probe  
  71  6:49  Probe  
  71  6:53  Probe  
  74  6:57  Probe  
  74  7:00  Assimilator, Probe  
  75  7:03  Sentry, Zealot  
  75  7:05  Probe  
  75  7:07  Probe  
  81  7:12  Pylon, Probe  
  83  7:17  Probe  
  83  7:18  Protoss Ground Weapons Level 1  
  83  7:20  Probe  
  83  7:31  Probe  
  83  7:35  Probe  
  83  7:38  Probe  
  83  7:39  Zealot x3  
  83  7:40  Zealot x4  
  88  7:49  Probe  
  85  7:57  Probe  
  85  7:58  Templar Archives  
  82  8:01  Pylon  
  82  8:04  Zealot x3  
  82  8:05  Zealot x2  
  92  8:09  Pylon  
  92  8:11  Pylon  
  92  8:12  Shield Battery  
  92  8:16  Forge  
  92  8:21  Protoss Ground Armor Level 1  
  90  8:27  Zealot x2  
  90  8:28  Zealot x5  
  100  8:47  Zealot x3  
  100  8:48  Zealot x4  
  96  8:49  Zealot  
  104  9:00  Assimilator  
  104  9:01  Assimilator  
  94  9:08  Stalker x2  
  94  9:09  Stalker x2  
  92  9:11  Stalker  
  92  9:12  Stalker  
  92  9:16  Stalker  
  98  9:19  Stalker  
  100  9:28  Probe  
  100  9:30  Probe  
  102  9:35  Nexus  
  102  9:37  Pylon  
  102  9:41  High Templar x2  
  102  9:43  Zealot  
  108  9:45  Archon  
  108  9:47  Zealot  
  108  9:48  Zealot  
  108  9:49  Zealot  
  114  10:00  Zealot x2  
  114  10:04  Pylon  
  114  10:07  Shield Battery  
  118  10:08  Photon Cannon  
  118  10:30  Zealot x6  
  118  10:31  Zealot x2  
Show
View Real Time Build Order
Export as new Build Order

Watermeloann Terran 

Build Orders: Reaper Expand 

Get SALT Encoding   

  12  0:03  SCV  
  13  0:15  SCV  
  13  0:21  Supply Depot  
  14  0:27  SCV  
  15  0:42  SCV  
  16  0:44  Barracks  
  16  0:47  Refinery  
  16  0:54  SCV  
  17  1:07  SCV  
  18  1:19  SCV  
  19  1:33  Reaper  
  19  1:35  Orbital Command  
  20  1:44  Command Center  
  20  1:55  Supply Depot  
  20  2:01  SCV  
  21  2:07  Barracks Reactor  
  21  2:11  Barracks  
  21  2:13  SCV  
  22  2:21  Refinery  
  22  2:25  SCV  
  22  2:29  Factory  
  23  2:37  SCV  
  24  2:48  Marine x2  
  26  2:52  SCV  
  26  2:57  Barracks, Orbital Command  
  27  3:09  Marine x2  
  27  3:10  Barracks Tech Lab  
  27  3:12  SCV  
  29  3:19  Starport  
  29  3:26  SCV  
  30  3:27  Marine x2  
  30  3:29  SCV  
  30  3:33  Stimpack  
  33  3:38  SCV  
  33  3:41  SCV  
  35  3:45  Marine x2  
  37  3:50  Factory Tech Lab, SCV  
  37  3:53  SCV, Barracks Tech Lab  
  39  3:56  Supply Depot  
  39  4:00  Marine  
  40  4:03  Marine  
  40  4:04  SCV  
  40  4:05  SCV  
  40  4:08  Medivac  
  45  4:16  Supply Depot  
  45  4:17  Siege Tank  
  45  4:19  Supply Depot  
  45  4:20  SCV  
  45  4:21  SCV  
  50  4:32  SCV  
  50  4:33  SCV  
  50  4:38  Medivac  
  54  4:39  Supply Depot  
  54  4:41  Marine x2  
  54  4:44  SCV, Marauder  
  54  4:45  SCV  
  61  4:47  Marauder  
  62  4:54  Supply Depot  
  62  4:56  SCV  
  62  4:57  SCV, Supply Depot  
  62  4:58  Refinery  
  62  4:59  Combat Shield  
  64  5:06  Marauder  
  66  5:08  SCV  
  66  5:09  Marauder, Marine  
  66  5:13  SCV  
  71  5:17  Supply Depot  
  71  5:18  Marine  
  71  5:20  Concussive Shells, SCV  
  73  5:26  SCV  
  73  5:27  Marine x2  
  76  5:30  Engineering Bay, Marine  
  77  5:35  Marine  
  77  5:41  Refinery  
  78  5:43  SCV  
  78  5:44  Marine  
  78  5:45  Marine  
  78  5:48  Marine  
  82  5:53  Marine  
  83  5:57  Siege Tank  
  83  6:00  SCV x2  
  83  6:02  Marine  
  83  6:03  Marauder  
  91  6:05  Marine  
  91  6:09  Command Center  
  92  6:11  Marine  
  90  6:20  Marine  
  90  6:24  Marauder, Marine  
  86  6:29  Marine  
  86  6:31  SCV x2  
  82  6:36  Barracks  
  82  6:38  Marine  
  82  6:42  Marauder  
  82  6:45  Marine  
  79  6:47  Marine  
  79  6:52  SCV x2  
  76  6:56  Marine  
  76  6:59  Terran Infantry Weapons Level 1  
  77  7:02  Engineering Bay  
  77  7:03  Starport Reactor, Marauder, Marine  
  77  7:04  SCV, Barracks, Marine  
  77  7:05  SCV  
  81  7:13  Marine  
  82  7:16  SCV  
  82  7:17  SCV  
  82  7:18  Siege Tank, Barracks  
  82  7:20  Barracks  
  82  7:21  Marine  
  82  7:22  Marine  
  87  7:24  Marine  
  87  7:28  SCV  
  75  7:30  SCV  
  75  7:31  Marine x2  
  74  7:39  Marine  
  74  7:40  Marine  
  74  7:42  Marine  
  67  7:48  Marine  
  67  7:49  Medivac, Marine  
  67  7:50  Medivac  
  68  7:51  Marine  
  68  7:57  Marauder  
  68  7:58  Marine  
  71  8:00  Marauder  
  71  8:02  Orbital Command  
  74  8:06  Marine  
  74  8:07  Marine  
  74  8:09  Marine  
  77  8:16  Marine  
  77  8:18  Marauder  
  80  8:21  Marine  
  80  8:24  Marine  
  80  8:25  Marine  
  80  8:27  Marine  
  83  8:34  Marine  
  77  8:38  Orbital Command  
  77  8:39  Marauder  
  77  8:40  Marauder  
  78  8:42  SCV x2, Marine  
  78  8:43  Marine  
  78  8:44  Marine  
  83  8:51  Siege Tank, Marine  
  83  8:52  Medivac  
  83  8:53  Medivac  
  91  9:00  Marine x2  
  91  9:01  Marauder x2  
  91  9:02  Marine  
  93  9:09  Marine  
  95  9:11  SCV x2  
  95  9:13  SCV  
  98  9:18  Marine  
  98  9:19  Barracks Reactor  
  98  9:20  Marine  
  98  9:22  Marauder  
  98  9:23  Marauder, Barracks Reactor  
  104  9:24  Barracks Reactor  
  104  9:27  Marine, Armory  
  104  9:28  SCV x2  
  107  9:33  SCV  
  107  9:36  Marine  
  107  9:37  Supply Depot  
  107  9:38  Supply Depot, Marine  
  110  9:40  SCV  
  110  9:43  Marauder  
  110  9:44  Marauder  
  110  9:45  Marine  
  116  9:54  Marine  
  116  9:58  Marine  
  116  9:59  Siege Tank, SCV x3, Supply Depot  
  124  10:02  Supply Depot  
  124  10:03  Marine  
  124  10:05  Marauder x2  
  124  10:06  Ghost Academy  
  129  10:11  SCV  
  129  10:12  Marine  
Show
View Real Time Build Order
Export as new Build Order

xetech Protoss 

Build Orders: 1 Gate Expand, Oracle Opening, Mass Phoenix 

Get SALT Encoding   

  12  0:00  Probe  
  13  0:12  Probe  
  14  0:17  Pylon  
  14  0:23  Probe  
  15  0:32  Probe  
  15  0:39  Gateway  
  15  0:40  Probe  
  16  0:48  Assimilator  
  17  0:51  Probe  
  18  1:03  Probe  
  19  1:15  Probe  
  20  1:29  Nexus  
  20  1:38  Cybernetics Core  
  20  1:45  Assimilator  
  20  1:52  Pylon  
  20  1:53  Probe  
  21  2:04  Adept  
  21  2:05  Probe  
  24  2:17  Probe  
  24  2:18  Stargate  
  25  2:29  Probe  
  26  2:41  Probe  
  26  2:42  Probe  
  28  2:47  Stargate  
  28  2:53  Probe  
  28  2:55  Probe  
  30  3:05  Probe  
  30  3:06  Oracle  
  30  3:07  Probe  
  32  3:18  Probe  
  36  3:20  Probe  
  37  3:30  Probe  
  37  3:33  Oracle, Probe  
  37  3:34  Pylon  
  37  3:37  Assimilator  
  39  3:45  Probe x2  
  42  3:51  Assimilator  
  42  3:57  Probe  
  42  3:59  Shield Battery  
  42  4:00  Probe  
  43  4:09  Probe  
  44  4:12  Probe  
  44  4:13  Phoenix  
  44  4:14  Phoenix  
  49  4:22  Probe  
  49  4:25  Probe  
  48  4:34  Probe  
  48  4:37  Probe  
  50  4:38  Phoenix  
  50  4:40  Phoenix  
  54  4:52  Pylon  
  54  5:00  Pylon  
  54  5:07  Phoenix x2  
  54  5:10  Probe x2  
  60  5:22  Probe x2  
  60  5:24  Pylon  
  60  5:25  Phoenix  
  62  5:29  Stargate  
  62  5:34  Probe x2  
  66  5:36  Phoenix  
  68  5:51  Nexus  
  68  5:52  Phoenix  
  70  5:58  Pylon  
  70  6:00  Probe x2  
  72  6:04  Phoenix  
  74  6:24  Phoenix  
  74  6:32  Phoenix  
  76  6:33  Phoenix  
  72  6:45  Probe x2  
  72  6:49  Phoenix  
  72  6:52  Shield Battery  
  74  6:57  Probe x2  
  74  6:59  Phoenix  
  74  7:00  Phoenix  
  80  7:05  Pylon  
  80  7:08  Pylon  
  80  7:09  Probe x2  
  80  7:10  Phoenix  
  80  7:12  Probe  
  85  7:17  Phoenix  
  85  7:20  Phoenix  
  85  7:21  Probe x2  
  85  7:24  Probe  
  90  7:33  Probe x2  
  90  7:36  Probe  
  65  8:02  Probe x3  
  61  8:14  Phoenix x2, Probe x3  
  67  8:20  Phoenix  
  65  8:32  Probe x2  
  65  8:33  Probe  
  65  8:34  Phoenix x2  
  72  8:42  Pylon  
  72  8:44  Probe x2  
  72  8:47  Phoenix  
  73  8:50  Probe  
  76  8:56  Probe  
  76  8:59  Phoenix, Probe  
  76  9:02  Probe  
  81  9:09  Probe  
  82  9:11  Probe  
  82  9:14  Probe  
  84  9:21  Phoenix  
  84  9:23  Probe  
  85  9:27  Probe  
  85  9:29  Probe  
  87  9:36  Probe  
  86  9:41  Phoenix x2  
  90  9:47  Phoenix  
  92  9:54  Probe  
  92  9:57  Probe  
  94  10:01  Probe  
  94  10:06  Phoenix x2  
Tags
 
Add a new tag
Caveats
  • Supply blocks, unpowered buildings, or Contaminate may cause inaccurate times.
  • Supply counts are checked every 10 seconds.